 Dungeon Crawl Stone Soup version 0.19.1-1-g22dce08 (webtiles) character file.

70 pib the Skirmisher (level 4, 0/41 HPs)
             Began as a Minotaur Berserker on Dec 28, 2016.
             Was a Follower of Trog.
             Slain by Sigmund
             ... wielding a +0 scythe
              (11 damage)
             ... on level 2 of the Dungeon on Dec 29, 2016.
             The game lasted 00:03:39 (1661 turns).

pib the Skirmisher (Minotaur Berserker)             Turns: 1661, Time: 00:03:40

Health: 0/41       AC:  3    Str: 22    XL:     4   Next: 3%
Magic:  3/3        EV: 12    Int:  4    God:    Trog [*.....]
Gold:   46         SH:  0    Dex: 10    Spells: 0 memorised, 3 levels left

rFire  . . .     SeeInvis .     a - +0 mace
rCold  . . .     Gourm    .     k - +0 leather armour
rNeg   . . .     Faith    .     (no shield)
rPois  .         Spirit   .     (helmet restricted)
rElec  .         Reflect  .     (no cloak)
rCorr  .         Harm     .     (no gloves)
MR     .....                    (no boots)
Stlth  +.........               (no amulet)
                                (no ring)
                                (no ring)

@: no status effects
A: retaliatory headbutt, horns 2
a: Berserk, Burn Spellbooks, Renounce Religion


You were on level 2 of the Dungeon.
You worshipped Trog.
Trog was aware of your devotion.
You were not hungry.

You visited 1 branch of the dungeon, and saw 2 of its levels.

You collected 46 gold pieces.

Inventory:

Hand Weapons
 a - a +0 mace (weapon)
Armour
 b - a +0 animal skin
 k - a +0 leather armour (worn)
Jewellery
 f - an uncursed ring of protection from fire {unknown}
 j - a cursed -6 ring of protection {unknown}
 n - a +3 ring of slaying {unknown}
Scrolls
 i - a scroll of identify {unknown}
 l - a scroll of noise {unknown}
 m - a scroll of remove curse {unknown}
Potions
 e - a potion of mutation {unknown}
 g - a potion of magic {unknown}
 h - 2 potions of curing {unknown}
Comestibles
 c - a bread ration


   Skills:
 + Level 4.9 Fighting
 + Level 4.9 Maces & Flails
 - Level 2.4 Armour
 - Level 2.1 Dodging


You had 3 spell levels left.
You didn't know any spells.

Dungeon Overview and Level Annotations

Branches:
Dungeon (2/15)

Altars:
Trog

Annotations:
D:2 Sigmund


Innate Abilities, Weirdness & Mutations

You reflexively headbutt those who attack you in melee.
You have a pair of horns on your head.


Message History

Sigmund casts a spell.
Sigmund flickers and vanishes!
Deactivating autopickup; reactivate with Ctrl-A.
No target in view!
You see here a leopard gecko corpse.
Something tries to affect you, but you resist.
You hear some strange, mumbled words.
Something tries to affect you, but you resist.
Something hits you!
You see here a leopard gecko corpse.
Something hits you!
You closely miss something. Something hits you!
* * * LOW HITPOINT WARNING * * *
You sock something! Your headbutt misses something.
You completely miss something. Something hits you.
* * * LOW HITPOINT WARNING * * *
You closely miss something. Your headbutt misses something.
Something barely misses you.
You barely miss something. Your headbutt misses something. Something hits you!
You die...

##...####.#.####.# #.##
............# #.# #.#
.#...#.##...# #.# #.#
.#..##.##...# #.# #.#
.#..##.##...## #.# #.###########
.#...........###.###......... ...
.#)###.#.................#######.
.......#........†...............#
.#.###.#...#####@###.....#####.##
.#............##.####...#####.##
.####..>............##.......##
..............#####.#########.##
######.........# #....#######.##
###...###.# ####.........)# #...#
#.# ############
##.####.######### #.......
#.......<......# #.####.#


There were no monsters in sight!

Vanquished Creatures
  2 adders (D:2)
  A gnoll (D:1)
  A dart slug (D:1)
  A leopard gecko (D:2)
  7 bats
  2 giant cockroaches
  4 goblins
  4 hobgoblins (D:1)
  4 jackals (D:2)
  2 kobolds (D:1)
  3 frilled lizards
  6 rats
37 creatures vanquished.

Notes
Turn   | Place    | Note
-------+----------+-------------------------------------------
     0 | D:1      | pib the Minotaur Berserker began the quest for the Orb.
     0 | D:1      | Reached XP level 1. HP: 19/19 MP: 0/0
   293 | D:1      | Reached XP level 2. HP: 27/27 MP: 1/1
   645 | D:1      | Reached XP level 3. HP: 26/34 MP: 2/2
  1585 | D:2      | Found a bloodstained altar of Trog.
  1610 | D:2      | Reached XP level 4. HP: 41/41 MP: 3/3
  1646 | D:2      | Noticed Sigmund
  1661 | D:2      | Slain by Sigmund

Skill      XL: |  1  2 |
---------------+-------+-----
Fighting       | 4 |  4.9
Maces & Flails | 4 |  4.9
Armour         | |  2.4
Dodging        | |  2.1

Action                   |  1- 3 |  4- 6 || total
-------------------------+-------+-------++-------
Melee: Mace              |    74 |     6 ||    80
       Headbutt          |     6 |       ||     6
  Eat: Chunk             |     2 |       ||     2
Armor: Animal skin       |    12 |       ||    12
       Leather armour    |     7 |       ||     7
Dodge: Dodged            |    67 |     1 ||    68
